 Dungeon Crawl Stone Soup version 0.32-a0-132-g2d33c3cfaf (webtiles) character file.

Game seed: 6559708989445180643

63626 cforsyth the Warrior (level 15, -5/122 HPs)
             Began as a Djinni Hexslinger on Feb 9, 2024.
             Slain by a two-headed ogre
             ... wielding a +0 giant club
              (25 damage)
             ... on level 2 of the Orcish Mines.
             The game lasted 01:25:31 (32864 turns).

cforsyth the Warrior (Djinni Hexslinger)           Turns: 32864, Time: 01:25:32

Health: -5/122     AC:  8    Str: 10    XL:     15   Next: 50%
Gold:   1240       EV: 15    Int: 29    God:
                   SH:  0    Dex: 17

rFire   + + .        a - +1 sling (flame)
rCold   + . .        (no shield)
rNeg    . . .        L - +2 ring mail of Untruth {rC+ Will+ Int+2}
rPois   ∞            (no helmet)
rElec   +            F - +0 cloak
rCorr   .            (no gloves)
SInv    +            (boots unavailable)
Will    ++...        (no amulet)
Stlth   +            D - ring of Zuetost {rElec rC+ Str+3 Int+6}
HPRegen 0.40/turn    v - ring of see invisible
MPRegen 0.00/turn

%: infuse magic (-6 HP)
@: flying
A: sickness immunity, fire resistance 2, cold vulnerability 1, float, innate
caster, HP casting, extra vitality 1
a: no special abilities


You were on level 2 of the Orcish Mines.
You visited 4 branches of the dungeon, and saw 20 of its levels.
You also visited: Sewer, Ossuary and Bailey.

You collected 2428 gold pieces.
You spent 1188 gold pieces at shops.


Innate Abilities, Weirdness & Mutations

You are immune to sickness and miasma.
You are immune to poison.
Your flesh is very heat resistant. (rF++)
You are vulnerable to cold. (rC-)
You float through the air rather than walking.
You learn spells naturally, not from books.
Your magical power is your life essence.
You have superior vitality. (+4 MHP)


   Skills:
 - Level 16.6 Fighting
 - Level 1.5 Ranged Weapons
 + Level 10.4 Dodging
 + Level 14.6 Spellcasting
 + Level 14.6 Conjurations
 + Level 14.6 Hexes
 + Level 14.6 Summonings
 + Level 14.6 Necromancy
 + Level 14.6 Translocations
 + Level 14.6 Fire Magic
 + Level 14.6 Ice Magic
 + Level 14.6 Air Magic
 + Level 14.6 Earth Magic
 + Level 14.6 Alchemy


You knew the following spells:

 Your Spells              Type           Power      Damage    Failure   Level
a - Momentum Strike       Conj/Tloc      100%       3d10      1%          2
b - Summon Blazeheart Go  Fire/Summ      82%        N/A       1%          4
c - Cause Fear            Hex            41%        N/A       1%          4
d - Dazzling Flash        Conj/Hex       100%       N/A       1%          3
f - Inner Flame           Hex/Fire       82%        N/A       1%          3
i - Alistair's Intoxicat  Alch           54%        N/A       1%          5
t - Death Channel         Necr           41%        N/A       2%          6
y - Curse of Agony        Necr           82%        N/A       1%          5
z - Summon Small Mammal   Summ           100%       N/A       0%          1
X - Jinxbite              Hex            100%       N/A       1%          2
Y - Sigil of Binding      Hex            82%        N/A       1%          3
Z - Dimensional Bullseye  Hex/Tloc       41%        N/A       1%          4
Your spell library was empty.

Inventory:

Hand Weapons
 a - a +1 sling of flaming (weapon)
Missiles
 C - a throwing net {=f=f}
Armour
 c - a +0 robe
 i - a +1 pair of gloves
 F - a +0 cloak (worn)
 K - a +2 robe of willpower
 L - the +2 ring mail of Untruth (worn) {rC+ Will+ Int+2}
   (You found it on level 6 of the Dungeon)

   Int+2:     It affects your intelligence (+2).
   rC+:       It protects you from cold.
   Will+:     It increases your willpower.
Magical Staves
 O - a staff of death {!a!a}
Jewellery
 v - a ring of see invisible (right hand)
 z - the ring "Ulooxkas" {Wiz rCorr}
   (You bought it in a shop on level 10 of the Dungeon)

   [ring of wizardry]

   Wiz:       It improves your spell success rate.
   rCorr:     It protects you from acid and corrosion.
 D - the ring of Zuetost (left hand) {rElec rC+ Str+3 Int+6}
   (You bought it in a shop on level 10 of the Dungeon)

   [ring of intelligence]

   Str+3:     It affects your strength (+3).
   Int+6:     It affects your intelligence (+6).
   rC+:       It protects you from cold.
   rElec:     It insulates you from electricity.
 E - a +5 ring of evasion
 N - a ring of positive energy
 T - the ring "Kuexkire" {rPois Will+ Int+4 Dex+3 Stlth-}
   (You found it on level 5 of the Lair of Beasts)

   [ring of poison resistance]

   Int+4:     It affects your intelligence (+4).
   Dex+3:     It affects your dexterity (+3).
   rPois:     It protects you from poison Will+: It increases your willpower.
   Stlth-:    It makes you less stealthy.
Wands
 s - a wand of polymorph (4)
 t - a wand of charming (13)
 y - a wand of iceblast (13)
 G - a wand of flame (8)
 R - a wand of acid (2)
 S - a wand of mindburst (10)
Scrolls
 b - 2 scrolls of poison
 d - 2 scrolls of silence {unknown}
 l - 2 scrolls of enchant armour {unknown}
 m - a scroll of teleportation {@r2@r2}
 n - 2 scrolls of fog
 o - 2 scrolls of immolation
 r - 3 scrolls of enchant weapon {unknown}
 w - 3 scrolls of brand weapon
 B - 2 scrolls of summoning {unknown}
 H - 4 scrolls of blinking
 J - 2 scrolls of acquirement {unknown}
 P - a scroll of vulnerability
 Q - a scroll of revelation
 U - a scroll of fear
Potions
 e - 7 potions of heal wounds {@q2@q2}
 f - 5 potions of curing {@q1@q1}
 g - 6 potions of haste {@q3@q3}
 h - 3 potions of cancellation
 j - 2 potions of ambrosia
 k - a potion of lignification
 p - 4 potions of mutation
 q - 6 potions of attraction
 u - a potion of berserk rage {unknown}
 x - 2 potions of enlightenment
 A - 4 potions of might
 I - 3 potions of resistance
 M - a potion of invisibility {unknown}

Dungeon Overview and Level Annotations

Branches:
Dungeon (12/15)            Temple (1/1) D:6            Lair (5/5) D:9
 Shoals (0/4) Lair:2        Snake (0/4) Lair:3        Slime (0/5) Lair:5
    Orc (2/2) D:12          Sewer (visited)         Ossuary (visited)
 Bailey (visited)
    Elf: Orc:2

Altars:
Ashenzari
Cheibriados
Dithmenos
Elyvilon
Fedhas
Gozag
Hepliaklqana
Makhleb
Nemelex Xobeh
Okawaru
Qazlal
Ru
Trog
Uskayaw
Wu Jian
Xom
Yredelemnul
Zin
The Shining One
Jiyva

Shops:
D:2 (   D:4 !?   D:7 [   D:9 ?!   D:10 !*(=

Portals:
Trove: D:11 (give +8 demon blade)

Annotations:
Lair:1 exclusion: obsidian statue

..................###......###
.)......)....)....# ##.......#
...........).....######....###
............)<.<####..#.....#
...###.#..........'...#.......#
..## ####...§§°...##..#.....#.#
.## ##..§)...)#####......## #
##O#)°O....##..#...##
##.....@....#..##.##
#..............#
##.###.........#
##.####........## #...#
#.....#...# ##.## ###...##.##
### ##..#### #.## ###


You could see a two-headed ogre and an ogre.


Message History

Aiming: Inner Flame (safe; 1% risk of failure)
Press: ? - help, Dir - move target, f - ogre
Aim: an ogre, wielding a +0 giant club (ally target, chance to affect: 98%)
The ogre is filled with an inner flame.
* * * LOW HITPOINT WARNING * * *
A two-headed ogre comes into view. It is wielding two +0 giant clubs.
You are too injured to fight recklessly!
An ogre comes into view. It is wielding a +0 giant club.
The ogre shouts!
You hear a shout!
Your blazeheart golem's core flares to life once more.
Your blazeheart golem punches the ogre!!
Flame seeps out of the ogre.
The ogre is engulfed in blazing flames.
The ogre explodes!
The fiery explosion engulfs the two-headed ogre!!!
The two-headed ogre is severely wounded.
The fiery explosion engulfs your blazeheart golem.
Your blazeheart golem is moderately damaged.
Your blazeheart golem disappears in a puff of smoke!
You hear a shout!
Unknown command.
The two-headed ogre is engulfed in blazing flames.
The two-headed ogre attacks as it pursues you!
The two-headed ogre completely misses you.
The two-headed ogre hits you with a +0 giant club!!
* * * LOW HITPOINT WARNING * * *
The two-headed ogre attacks as it pursues you!
The two-headed ogre completely misses you.
The two-headed ogre hits you with a +0 giant club!!
You die...

Skill      XL: |  1  2  3  4  5  6  7  8  9 10 11 12 13 14 15 |
---------------+----------------------------------------------+-----
Spellcasting   | 3 4 5 6 7 9 10 11 12 14 | 14.6
Conjurations   | 3 4 5 6 7 9 10 11 12 14 | 14.6
Hexes          | 3 4 5 6 7 9 10 11 12 14 | 14.6
Summonings     | 3 4 5 6 7 9 10 11 12 14 | 14.6
Necromancy     | 3 4 5 6 7 9 10 11 12 14 | 14.6
Translocations | 3 4 5 6 7 9 10 11 12 14 | 14.6
Fire Magic     | 3 4 5 6 7 9 10 11 12 14 | 14.6
Ice Magic      | 3 4 5 6 7 9 10 11 12 14 | 14.6
Air Magic      | 3 4 5 6 7 9 10 11 12 14 | 14.6
Earth Magic    | 3 4 5 6 7 9 10 11 12 14 | 14.6
Alchemy        | 3 4 5 6 7 9 10 11 12 14 | 14.6
Fighting       | 2 3 4 6 7 9 11 13 14 16 | 16.6
Dodging        | 8 10 | 10.4
Ranged Weapons | |  1.5

Action                     |  1- 3 |  4- 6 |  7- 9 | 10-12 | 13-15 || total
---------------------------+-------+-------+-------+-------+-------++-------
   Fire: Sling             |   109 |   106 |   131 |   149 |   147 ||   642
   Cast: Summon Small Mamm |     8 |    28 |    75 |    89 |   103 ||   303
         Inner Flame       |       |    22 |    79 |   129 |   213 ||   443
         Jinxbite          |       |       |    10 |     2 |       ||    12
         Summon Blazeheart |       |       |    15 |    69 |   141 ||   225
         Alistair's Intoxi |       |       |       |     3 |     3 ||     6
         Death Channel     |       |       |       |       |     2 ||     2
  Evoke: Wand              |       |       |       |     2 |    24 ||    26
    Use: Scroll            |       |     5 |       |    10 |    10 ||    25
         Potion            |       |     1 |       |       |     3 ||     4
 Armour: Robe              |    31 |    45 |    57 |    57 |       ||   190
         Ring mail         |       |       |       |    42 |   300 ||   342
  Dodge: Dodged            |    31 |    36 |    98 |    96 |   169 ||   430

Levels and vault maps discovered:
D:1:      reono_arrival_forest_river, layout_rooms,
          hellmonk_ecumenical_altar_inner_sanctum, st_stairs_10, feat_on_display
D:2:      layout_rooms, basic_altar, serial_shops,
          nicolae_shop_bloodbath_and_beyond
D:3:      layout_basic, kennysheep_doodads, st_stairs_1
D:4:      minmay_polygon_palace, layout_loops_ring,
          cheibrodos_sewer_entry_drain, serial_shops, shop, shop
D:5:      cheibrodos_fertilizer, layout_loops_ring, minivault_27
D:6:      layout_cave_pods, okawaru_altar_gauntlet_db,
          yredelemnul_forgotten_temple_becter, minmay_temple_entry_mini_moons,
          nicolae_ossuary_entry_plus
D:7:      layout_loops_ring, serial_shops, nicolae_shop_pleasant_corner_grove,
          grunt_decor_mini_mirrors, uniq_maurice
D:8:      layout_gridville, mainiacjoe_overflow_surrounded_room, enter_bailey_3
D:9:      layout_stronghold, mainiacjoe_overflow_alcove_2,
          mainiacjoe_overflow_six_doors_small, lemuel_tele_altar,
          nemelex_xobeh_ov_fountains_minmay,
          mainiacjoe_overflow_concentric_impassable, serial_shops, shop, shop
D:10:     layout_loops_cross, bloody_makhleb, mainiacjoe_overflow_alcove_4,
          nicolae_overflow_hidden_temple, serial_shops, nicolae_shop_stone,
          nicolae_shop_tiny_statue_garden, kennysheep_mini_moat, shop
D:11:     layout_loops_ring, enter_trove_6, serial_undead, serial_undead_a,
          serial_undead_f, serial_undead_f, serial_undead_e, serial_undead_f,
          serial_undead_f, uniq_nergalle, uniq_erica
D:12:     layout_roguey, orc_david_3
Temple:   hellmonk_temple_beads
Lair:1:   statuecave_lemuel, layout_regular_city, uniq_sonja
Lair:2:   layout_roguey, elwin_shoals_entry_stream, uniq_maggie
Lair:3:   layout_long_grid, nicolae_snake_entry_warm_welcome,
          nicolae_lair_liquid_snakes
Lair:4:   layout_loops_ring, lookout_lair_type
Lair:5:   grunt_lair_end_beastmaster, layout_regular_city,
          minmay_slime_entry_pillars, gammafunk_lair_bear_cave
Orc:1:    layout_caves
Orc:2:    st_orc_ogre_mass, layout_diamond_mine, basic_altar, mines2_lemuel,
          uniq_rupert

Notes
Turn   | Place    | Note
-------+----------+-------------------------------------------
     0 | D:1      | cforsyth the Djinni Hexslinger began the quest for the Orb.
     0 | D:1      | cforsyth set off with the following spells memorised:
                  | Jinxbite, Sigil of Binding, Inner Flame, Cause Fear,
                  | Dimensional Bullseye.
     0 | D:1      | Reached XP level 1. HP: 17/17 MP: 0/0
   130 | D:1      | Reached XP level 2. HP: 22/22 MP: 0/0
   147 | D:1      | Reached skill level 3 in Spellcasting
   147 | D:1      | Reached skill level 3 in Conjurations
   147 | D:1      | Reached skill level 3 in Hexes
   147 | D:1      | Reached skill level 3 in Summonings
   147 | D:1      | Reached skill level 3 in Necromancy
   147 | D:1      | Reached skill level 3 in Translocations
   147 | D:1      | Reached skill level 3 in Fire Magic
   147 | D:1      | Reached skill level 3 in Ice Magic
   147 | D:1      | Reached skill level 3 in Air Magic
   147 | D:1      | Reached skill level 3 in Earth Magic
   147 | D:1      | Reached skill level 3 in Alchemy
   225 | D:1      | Found a faded altar of an unknown god.
   317 | D:1      | Reached skill level 2 in Fighting
   317 | D:1      | Reached XP level 3. HP: 28/28 MP: 0/0
   317 | D:1      | Learned a level 1 spell: Summon Small Mammal
   660 | D:2      | Found Xaukamn's Weapon Boutique.
   732 | D:2      | Found a blossoming altar of Fedhas.
   807 | D:2      | Reached XP level 4. HP: 21/34 MP: 0/0
  1468 | D:3      | Reached skill level 3 in Fighting
  1490 | D:3      | Reached XP level 5. HP: 40/40 MP: 0/0
  1490 | D:3      | Learned a level 2 spell: Momentum Strike
  2173 | D:4      | Found Filiplov's Magic Scroll Shop.
  2190 | D:4      | HP: 3/40 [orc/+0 club (5)]
  2262 | D:4      | Found Gusmal's Distillery.
  2270 | D:4      | Bought a potion of curing for 42 gold pieces
  2354 | D:4      | Found a glowing drain.
  2362 | Sewer    | Entered a sewer
  2586 | Sewer    | Reached XP level 6. HP: 42/47 MP: 0/0
  2601 | Sewer    | Reached skill level 4 in Fighting
  2601 | Sewer    | Reached skill level 4 in Spellcasting
  2601 | Sewer    | Reached skill level 4 in Conjurations
  2601 | Sewer    | Reached skill level 4 in Hexes
  2601 | Sewer    | Reached skill level 4 in Summonings
  2601 | Sewer    | Reached skill level 4 in Necromancy
  2601 | Sewer    | Reached skill level 4 in Translocations
  2601 | Sewer    | Reached skill level 4 in Fire Magic
  2601 | Sewer    | Reached skill level 4 in Ice Magic
  2601 | Sewer    | Reached skill level 4 in Air Magic
  2601 | Sewer    | Reached skill level 4 in Earth Magic
  2601 | Sewer    | Reached skill level 4 in Alchemy
  2695 | Sewer    | Found a burning altar of Makhleb.
  2866 | D:4      | Bought a scroll of identify for 26 gold pieces
  2866 | D:4      | Bought a scroll of teleportation for 39 gold pieces
  2866 | D:4      | Bought a scroll of identify for 26 gold pieces
  3142 | D:4      | Reached XP level 7. HP: 51/53 MP: 0/0
  3142 | D:4      | Learned a level 3 spell: Dazzling Flash
  3314 | D:4      | Reached skill level 5 in Fighting
  3979 | D:5      | Entered Level 5 of the Dungeon
  4055 | D:4      | Reached skill level 5 in Spellcasting
  4055 | D:4      | Reached skill level 5 in Conjurations
  4055 | D:4      | Reached skill level 5 in Hexes
  4055 | D:4      | Reached skill level 5 in Summonings
  4055 | D:4      | Reached skill level 5 in Necromancy
  4055 | D:4      | Reached skill level 5 in Translocations
  4055 | D:4      | Reached skill level 5 in Fire Magic
  4055 | D:4      | Reached skill level 5 in Ice Magic
  4055 | D:4      | Reached skill level 5 in Air Magic
  4055 | D:4      | Reached skill level 5 in Earth Magic
  4055 | D:4      | Reached skill level 5 in Alchemy
  4353 | D:5      | Reached skill level 6 in Fighting
  4353 | D:5      | Reached XP level 8. HP: 59/61 MP: 0/0
  5046 | D:5      | Reached skill level 7 in Fighting
  5179 | D:5      | Noticed a slime creature
  5554 | D:5      | Reached skill level 6 in Spellcasting
  5554 | D:5      | Reached skill level 6 in Conjurations
  5554 | D:5      | Reached skill level 6 in Hexes
  5554 | D:5      | Reached skill level 6 in Summonings
  5554 | D:5      | Reached skill level 6 in Necromancy
  5554 | D:5      | Reached skill level 6 in Translocations
  5554 | D:5      | Reached skill level 6 in Fire Magic
  5554 | D:5      | Reached skill level 6 in Ice Magic
  5554 | D:5      | Reached skill level 6 in Air Magic
  5554 | D:5      | Reached skill level 6 in Earth Magic
  5554 | D:5      | Reached skill level 6 in Alchemy
  5605 | D:5      | Found a broken altar of Ashenzari.
  5605 | D:5      | Found an iron altar of Okawaru.
  5605 | D:5      | Found a sparkling altar of Nemelex Xobeh.
  5605 | D:5      | Found a bloodstained altar of Trog.
  5605 | D:5      | Found a basalt altar of Yredelemnul.
  5605 | D:5      | Found a broken altar of Ashenzari.
  5605 | D:5      | Noticed a slime creature
  5605 | D:5      | Noticed a slime creature
  6475 | D:5      | Killed a slime creature
  6476 | D:5      | Reached XP level 9. HP: 67/69 MP: 0/0
  6476 | D:5      | Learned a level 4 spell: Summon Blazeheart Golem
  6716 | D:5      | Killed a large slime creature
  6717 | D:5      | Reached skill level 8 in Fighting
  7332 | D:6      | Found a sand-covered staircase.
  7384 | Ossuary  | Entered an ossuary
  7693 | Ossuary  | Reached skill level 7 in Spellcasting
  7693 | Ossuary  | Reached skill level 7 in Conjurations
  7693 | Ossuary  | Reached skill level 7 in Hexes
  7693 | Ossuary  | Reached skill level 7 in Summonings
  7693 | Ossuary  | Reached skill level 7 in Necromancy
  7693 | Ossuary  | Reached skill level 7 in Translocations
  7693 | Ossuary  | Reached skill level 7 in Fire Magic
  7693 | Ossuary  | Reached skill level 7 in Ice Magic
  7693 | Ossuary  | Reached skill level 7 in Air Magic
  7693 | Ossuary  | Reached skill level 7 in Earth Magic
  7693 | Ossuary  | Reached skill level 7 in Alchemy
  8550 | D:6      | Reached skill level 9 in Fighting
  8569 | D:6      | Found a staircase to the Ecumenical Temple.
  8578 | Temple   | Entered the Ecumenical Temple
  8885 | D:6      | Identified the +2 ring mail of Untruth {rC+ Will+ Int+2}
  8951 | D:6      | Found an iron altar of Okawaru.
  9311 | D:6      | Found a basalt altar of Yredelemnul.
  9674 | D:7      | Reached XP level 10. HP: 59/78 MP: 0/0
  9786 | D:7      | Noticed Maurice
  9808 | D:7      | Maurice stole a ring of wizardry
  9813 | D:7      | Killed Maurice
  9814 | D:7      | Reached skill level 10 in Fighting
  9814 | D:7      | Reached skill level 8 in Spellcasting
  9814 | D:7      | Reached skill level 8 in Conjurations
  9814 | D:7      | Reached skill level 8 in Hexes
  9814 | D:7      | Reached skill level 8 in Summonings
  9814 | D:7      | Reached skill level 8 in Necromancy
  9814 | D:7      | Reached skill level 8 in Translocations
  9814 | D:7      | Reached skill level 8 in Fire Magic
  9814 | D:7      | Reached skill level 8 in Ice Magic
  9814 | D:7      | Reached skill level 8 in Air Magic
  9814 | D:7      | Reached skill level 8 in Earth Magic
  9814 | D:7      | Reached skill level 8 in Alchemy
 10600 | D:7      | Found Juxetoeq's Antique Armour Emporium.
 10690 | D:8      | Found a flagged portal.
 10713 | Bailey   | Entered a bailey
 11114 | Bailey   | Reached skill level 11 in Fighting
 11238 | Bailey   | Noticed a vault guard
 11276 | Bailey   | Killed a vault guard
 11339 | Bailey   | Noticed Prince Ribbit
 11345 | Bailey   | Killed Prince Ribbit
 11346 | Bailey   | Reached skill level 9 in Spellcasting
 11346 | Bailey   | Reached skill level 9 in Conjurations
 11346 | Bailey   | Reached skill level 9 in Hexes
 11346 | Bailey   | Reached skill level 9 in Summonings
 11346 | Bailey   | Reached skill level 9 in Necromancy
 11346 | Bailey   | Reached skill level 9 in Translocations
 11346 | Bailey   | Reached skill level 9 in Fire Magic
 11346 | Bailey   | Reached skill level 9 in Ice Magic
 11346 | Bailey   | Reached skill level 9 in Air Magic
 11346 | Bailey   | Reached skill level 9 in Earth Magic
 11346 | Bailey   | Reached skill level 9 in Alchemy
 11346 | Bailey   | Reached XP level 11. HP: 71/87 MP: 0/0
 11346 | Bailey   | Learned a level 5 spell: Alistair's Intoxication
 11351 | Bailey   | Noticed a vault guard
 11371 | Bailey   | Killed a vault guard
 12031 | D:8      | Identified 3 potions of resistance
 12239 | D:8      | Found a glowing golden altar of the Shining One.
 12241 | D:8      | Noticed a two-headed ogre
 12261 | D:8      | Killed a two-headed ogre
 12262 | D:8      | Reached skill level 12 in Fighting
 13010 | D:9      | Found a sparkling altar of Nemelex Xobeh.
 13038 | D:9      | Found Uneocuocs's Distillery.
 13121 | D:10     | Entered Level 10 of the Dungeon
 13121 | D:10     | Found Veajiuta's Distillery.
 13318 | D:10     | Found a snail-covered altar of Cheibriados.
 13319 | D:10     | Bought 2 potions of heal wounds for 130 gold pieces
 13321 | D:10     | Found a broken altar of Ashenzari.
 13376 | D:9      | Found Bugeps's Magic Scroll Emporium.
 13383 | D:9      | Found a staircase to the Lair.
 13384 | D:9      | Bought a scroll of identify for 30 gold pieces
 13384 | D:9      | Bought a scroll of blinking for 112 gold pieces
 13718 | D:9      | Found a blossoming altar of Fedhas.
 14334 | D:9      | Found an ornate altar of the Wu Jian Council.
 14360 | D:9      | Reached skill level 10 in Spellcasting
 14360 | D:9      | Reached skill level 10 in Conjurations
 14360 | D:9      | Reached skill level 10 in Hexes
 14360 | D:9      | Reached skill level 10 in Summonings
 14360 | D:9      | Reached skill level 10 in Necromancy
 14360 | D:9      | Reached skill level 10 in Translocations
 14360 | D:9      | Reached skill level 10 in Fire Magic
 14360 | D:9      | Reached skill level 10 in Ice Magic
 14360 | D:9      | Reached skill level 10 in Air Magic
 14360 | D:9      | Reached skill level 10 in Earth Magic
 14360 | D:9      | Reached skill level 10 in Alchemy
 15334 | D:10     | Found Mosank's Jewellery Boutique.
 15390 | D:10     | Reached skill level 13 in Fighting
 15428 | D:10     | Reached XP level 12. HP: 51/98 MP: 0/0
 15904 | D:10     | Found Ananiocy's Weapon Shop.
 16154 | D:10     | Noticed a soul eater
 16315 | D:10     | Found Jinicvuodd's Assorted Antiques.
 16325 | D:10     | Bought a scroll labelled DAOQ WUUGU for 25 gold pieces
 16332 | D:10     | Found a bloodstained altar of Trog.
 16446 | D:10     | Found a burning altar of Makhleb.
 16876 | D:11     | Noticed Erica
 16883 | D:11     | Killed Erica
 17245 | D:11     | Reached skill level 14 in Fighting
 17245 | D:11     | Reached skill level 11 in Spellcasting
 17245 | D:11     | Reached skill level 11 in Conjurations
 17245 | D:11     | Reached skill level 11 in Hexes
 17245 | D:11     | Reached skill level 11 in Summonings
 17245 | D:11     | Reached skill level 11 in Necromancy
 17245 | D:11     | Reached skill level 11 in Translocations
 17245 | D:11     | Reached skill level 11 in Fire Magic
 17245 | D:11     | Reached skill level 11 in Ice Magic
 17245 | D:11     | Reached skill level 11 in Air Magic
 17245 | D:11     | Reached skill level 11 in Earth Magic
 17245 | D:11     | Reached skill level 11 in Alchemy
 17636 | D:11     | Found a portal to a secret trove of treasure.
 18365 | D:11     | Noticed a boulder beetle
 18395 | D:11     | Killed a boulder beetle
 18485 | D:11     | Noticed Nergalle
 18498 | D:11     | Killed Nergalle
 18499 | D:11     | Reached XP level 13. HP: 56/106 MP: 0/0
 18499 | D:11     | Learned a level 5 spell: Curse of Agony
 18910 | D:12     | Reached skill level 15 in Fighting
 19220 | D:12     | Reached skill level 12 in Spellcasting
 19220 | D:12     | Reached skill level 12 in Conjurations
 19220 | D:12     | Reached skill level 12 in Hexes
 19220 | D:12     | Reached skill level 12 in Summonings
 19220 | D:12     | Reached skill level 12 in Necromancy
 19220 | D:12     | Reached skill level 12 in Translocations
 19220 | D:12     | Reached skill level 12 in Fire Magic
 19220 | D:12     | Reached skill level 12 in Ice Magic
 19220 | D:12     | Reached skill level 12 in Air Magic
 19220 | D:12     | Reached skill level 12 in Earth Magic
 19220 | D:12     | Reached skill level 12 in Alchemy
 19244 | D:12     | Found a staircase to the Orcish Mines.
 20257 | D:10     | Bought a heavily runed carnelian ring for 125 gold pieces
 20257 | D:10     | Identified the ring "Ulooxkas" {Wiz rCorr} (You bought it
                  | in a shop on level 10 of the Dungeon)
 20290 | D:10     | Bought the ring of Zuetost {rElec rC+ Str+3 Int+6} for 633
                  | gold pieces
 20437 | Lair:1   | Entered Level 1 of the Lair of Beasts
 21009 | Lair:1   | Reached skill level 16 in Fighting
 21386 | Lair:1   | Noticed Sonja
 21403 | Lair:1   | Killed Sonja
 22080 | Lair:2   | Found a staircase to the Shoals.
 22434 | Lair:2   | Reached XP level 14. HP: 112/117 MP: 0/0
 22495 | Lair:2   | Noticed Maggie
 22518 | Lair:2   | Killed Maggie
 23530 | Lair:3   | Found a staircase to the Snake Pit.
 23562 | Lair:3   | Reached skill level 13 in Spellcasting
 23562 | Lair:3   | Reached skill level 13 in Conjurations
 23562 | Lair:3   | Reached skill level 13 in Hexes
 23562 | Lair:3   | Reached skill level 13 in Summonings
 23562 | Lair:3   | Reached skill level 13 in Necromancy
 23562 | Lair:3   | Reached skill level 13 in Translocations
 23562 | Lair:3   | Reached skill level 13 in Fire Magic
 23562 | Lair:3   | Reached skill level 13 in Ice Magic
 23562 | Lair:3   | Reached skill level 13 in Air Magic
 23562 | Lair:3   | Reached skill level 13 in Earth Magic
 23562 | Lair:3   | Reached skill level 13 in Alchemy
 23843 | Lair:3   | You are sucked into a shaft and drop 2 floors!
 23843 | Lair:5   | Entered Level 5 of the Lair of Beasts
 23860 | Lair:5   | HP: 7/117 [komodo dragon (22)]
 23941 | Lair:5   | Reached skill level 3 in Dodging
 24344 | Lair:5   | Reached skill level 4 in Dodging
 24524 | Lair:4   | HP: 10/117 [cane toad (21)]
 25593 | Lair:5   | Reached skill level 5 in Dodging
 27484 | Lair:4   | Reached skill level 6 in Dodging
 28591 | Lair:5   | Reached skill level 7 in Dodging
 30024 | Lair:5   | Reached skill level 8 in Dodging
 30031 | Lair:5   | Reached skill level 14 in Spellcasting
 30031 | Lair:5   | Reached skill level 14 in Conjurations
 30031 | Lair:5   | Reached skill level 14 in Hexes
 30031 | Lair:5   | Reached skill level 14 in Summonings
 30031 | Lair:5   | Reached skill level 14 in Necromancy
 30031 | Lair:5   | Reached skill level 14 in Translocations
 30031 | Lair:5   | Reached skill level 14 in Fire Magic
 30031 | Lair:5   | Reached skill level 14 in Ice Magic
 30031 | Lair:5   | Reached skill level 14 in Air Magic
 30031 | Lair:5   | Reached skill level 14 in Earth Magic
 30031 | Lair:5   | Reached skill level 14 in Alchemy
 30031 | Lair:5   | Reached XP level 15. HP: 83/122 MP: 0/0
 30031 | Lair:5   | Learned a level 6 spell: Death Channel
 30195 | Lair:5   | Found a viscous altar of Jiyva.
 30195 | Lair:5   | Found a staircase to the Slime Pits.
 31079 | Lair:5   | Reached skill level 9 in Dodging
 31538 | Lair:5   | Identified the ring "Kuexkire" {rPois Will+ Int+4 Dex+3
                  | Stlth-}
 31863 | Orc:1    | Entered Level 1 of the Orcish Mines
 32497 | Orc:2    | Entered Level 2 of the Orcish Mines
 32780 | Orc:2    | Reached skill level 10 in Dodging
 32864 | Orc:2    | Slain by a two-headed ogre

Vanquished Creatures
  A vault guard (Bailey)
  A catoblepas (Lair:5)
  Erica (D:11)
  A deep troll shaman (Lair:5)
  3 boulder beetles
  6 two-headed ogres
  16 death yaks
  Sonja (Lair:1)
  Nergalle (D:11)
  An ugly thing (D:12)
  A salamander (Lair:3)
  Maurice (D:7)
  2 manticores
  13 elephants
  3 black mambas
  8 centaur zombies (D:11)
  A torpor snail (Lair:5)
  10 cane toads
  A gargoyle (D:11)
  Maggie (Lair:2)
  A rime drake (Lair:4)
  An unseen horror (D:12)
  8 komodo dragons
  3 kobold demonologists
  A troll (D:9)
  7 polar bears
  4 merfolk (Lair:2)
  A hornet (D:11)
  9 blink frogs
  7 slime creatures
  5 vampires (D:11)
  A shadow (D:11)
  3 basilisks
  3 wraiths
  2 wyverns
  22 yaks
  3 vampire mosquitoes (D:10)
  5 humans (Bailey)
  An acid dragon (D:9)
  12 water moccasins
  9 orc warriors
  2 black bears
  15 ogres
  An ice beast (D:5)
  11 wolves
  2 centaurs
  10 bullfrogs
  6 kobold brigands
  A gnoll sergeant (D:6)
  3 scorpions
  8 wights
  A burial acolyte (Ossuary)
  5 killer bees (D:9)
  3 howler monkeys
  7 electric eels
  A lava snake (Lair:3)
  2 quasits (Sewer)
  7 orc priests
  A bombardier beetle (D:6)
  2 hounds
  7 jellies
  2 gnoll boudas
  A sleepcap (D:4)
  3 iguanas
  11 orc wizards
  7 adders
  16 gnolls
  4 shadow imps
  3 ufetubi (Sewer)
  An adder skeleton (Ossuary)
  3 ribbon worms
  4 dart slugs
  60 orcs
  8 ball pythons
  6 endoplasms
  6 giant cockroaches
  16 goblins
  7 hobgoblins
  A quokka (D:4)
  A ball python skeleton (Ossuary)
  5 bats
  4 frilled lizards
  31 kobolds
  A kobold skeleton (Ossuary)
  A kobold zombie (Sewer)
  6 rats
484 creatures vanquished.

Vanquished Creatures (collateral kills)
  A vault guard (Bailey)
  A hydra (Lair:5)
  A two-headed ogre (Orc:2)
  An orc knight (D:12)
  2 orc sorcerers (Orc:1)
  A manticore (D:12)
  3 centaur zombies (D:11)
  2 cane toads (Lair:4)
  A gargoyle (D:12)
  A komodo dragon (Lair:5)
  2 kobold demonologists
  2 blink frogs
  Prince Ribbit (Bailey)
  2 wyverns
  A yak (Lair:5)
  A vampire (D:11)
  A basilisk (Lair:2)
  A fire elemental (Lair:3)
  A vampire mosquito (D:10)
  A water moccasin (Lair:3)
  An ogre (D:5)
  A wolf (Lair:5)
  A centaur (D:12)
  A weeping skull (D:6)
  5 bullfrogs
  3 wights (Ossuary)
  A killer bee (D:9)
  5 lava snakes (Lair:3)
  A jelly (D:5)
  A hound (D:7)
  An orc priest (D:7)
  An orc wizard (Orc:1)
  A gnoll (D:3)
  2 adders
  An adder skeleton (Ossuary)
  2 ribbon worms
  4 orcs
  A ball python (D:4)
  An endoplasm (D:5)
  A goblin (D:6)
  2 hobgoblins
  A kobold (D:6)
  2 ball python skeletons (Ossuary)
  A hobgoblin skeleton (Ossuary)
  An orc skeleton (Ossuary)
  A spectral orc (D:6)
70 creatures vanquished.

Vanquished Creatures (others)
  2 kobold zombies (Sewer)
  85 blazeheart cores
87 creatures vanquished.

Grand Total: 641 creatures vanquished

Table legend: (Time is in decaauts)
 A = Elapsed time spent in this place.
 B = Non-inter-level travel time spent in this place.
 C = Inter-level travel time spent in this place.
 D = Time resting spent in this place.
 E = Time spent auto-exploring this place.
 F = Levels seen in this place.
 G = Mean time per level.
                   A        B        C        D        E       F      G
               +--------+--------+--------+--------+--------+-----+--------+
         Total |  33137 |  31839 |   1298 |   9606 |  16968 |  23 | 1440.7 |
       Dungeon |  18855 |  17824 |   1031 |   3671 |  11152 |  12 | 1571.2 |
        Temple |    245 |    240 |      5 |      0 |    221 |   1 |  245.0 |
          Lair |  11031 |  10784 |    247 |   4708 |   4500 |   5 | 2206.2 |
  Orcish Mines |   1021 |   1008 |     13 |    184 |    608 |   2 |  510.5 |
         Sewer |    464 |    464 |      0 |    127 |    225 |   1 |  464.0 |
       Ossuary |    486 |    486 |      0 |    158 |    166 |   1 |  486.0 |
        Bailey |   1033 |   1033 |      0 |    758 |     96 |   1 | 1033.0 |
               +--------+--------+--------+--------+--------+-----+--------+

Top non-repeatable levels by time:
  Lair:4: 3648 daAuts
     D:5: 3043 daAuts
  Lair:5: 2799 daAuts
     D:9: 2577 daAuts
    D:11: 2149 daAuts
  Lair:3: 1863 daAuts
     D:4: 1766 daAuts
    D:10: 1616 daAuts
  Lair:2: 1530 daAuts
     D:6: 1482 daAuts
    D:12: 1481 daAuts
     D:8: 1317 daAuts
     D:7: 1194 daAuts
  Lair:1: 1189 daAuts
  Bailey: 1033 daAuts

Table legend:
 A = Non-vault XP
 B = Vault XP
 C = Vault XP percentage of total XP
 D = Non-vault monster count
 E = Vault monster count
 F = Vault count percentage of total count
                 A         B        C        D         E       F
            +---------+---------+-------+---------+---------+-------
      Total |   56994 |   33901 |  37.3 |     359 |     195 |  35.2
            +---------+---------+-------+---------+---------+-------
        D:1 |      28 |       6 |  17.6 |      19 |       3 |  13.6
        D:2 |      44 |      16 |  26.7 |      18 |       2 |  10.0
        D:3 |      72 |       4 |   5.3 |      11 |       1 |   8.3
        D:4 |     236 |     139 |  37.1 |      16 |      21 |  56.8
        D:5 |     696 |    1104 |  61.3 |      14 |      15 |  51.7
        D:6 |     492 |     119 |  19.5 |      18 |       8 |  30.8
        D:7 |     801 |     525 |  39.6 |      17 |       1 |   5.6
        D:8 |    1681 |       8 |   0.5 |      23 |       4 |  14.8
        D:9 |    3735 |       0 |   0.0 |      39 |       0 |   0.0
       D:10 |    3706 |       0 |   0.0 |      18 |       0 |   0.0
       D:11 |    2685 |    7653 |  74.0 |      12 |      21 |  63.6
       D:12 |    6515 |     729 |  10.1 |      26 |       7 |  21.2
     Temple |      71 |       0 |   0.0 |       3 |       0 |   0.0
     Lair:1 |    7400 |     778 |   9.5 |      16 |       1 |   5.9
     Lair:2 |    3171 |    1546 |  32.8 |      15 |       5 |  25.0
     Lair:3 |    1690 |     993 |  37.0 |       7 |      10 |  58.8
     Lair:4 |    9082 |       0 |   0.0 |      34 |       0 |   0.0
     Lair:5 |   12963 |    9878 |  43.2 |      35 |      25 |  41.7
      Orc:1 |    1566 |       0 |   0.0 |      15 |       0 |   0.0
      Orc:2 |     360 |    6045 |  94.4 |       3 |      15 |  83.3
      Sewer |       0 |     258 | 100.0 |       0 |      20 | 100.0
    Ossuary |       0 |     384 | 100.0 |       0 |      13 | 100.0
     Bailey |       0 |    3716 | 100.0 |       0 |      23 | 100.0
            +---------+---------+-------+---------+---------+-------
